 Dungeon Crawl Stone Soup version 0.20.1-1-g8b1a95d (webtiles) character file.

52831 Ymberti the Peltast (level 14, -25/124 HPs)
             Began as a Hill Orc Fighter on Oct 4, 2017.
             Was the Champion of Beogh.
             Annihilated by a golden dragon simulacrum (48 damage)
             ... in an ice cave on Oct 5, 2017.
             The game lasted 01:20:14 (20132 turns).

Ymberti the Peltast (Hill Orc Fighter)             Turns: 20132, Time: 01:20:16

Health: -25/124    AC: 24    Str: 15    XL:     14   Next: 65%
Magic:  0/15       EV:  7    Int: 10    God:    Beogh [******]
Gold:   502        SH: 18    Dex: 14    Spells: 13/13 levels left

rFire    . . .     SeeInvis +   H - +9 trident
rCold    . . .     Gourm    .   G - +5 shield "Naq Bysm" {+Fly rF+ rCorr Str-5}
rNeg     + + +     Faith    .   b - +1 plate armour {rPois}
rPois    +         Spirit   +   M - +2 helmet {SInv}
rElec    +         Reflect  .   Y - scarf {Spirit}
rCorr    +         Harm     .   z - +1 pair of gloves
MR       +++++     Clarity  +   c - +0 pair of boots
Stlth    ..........             X - amulet of the Four Winds {rN+ MR+++ Clar}
Regen    0.3/turn               f - ring of positive energy
MPRegen  0.2/turn               U - ring "Sesad" {rElec rF- rN+++ Int+2 Slay+3}

@: no status effects
A: walk on water, magic resistance 1, screaming 1
a: Smiting, Recall Orcish Followers, Give Item to Named Follower, Resurrection,
Renounce Religion, Evoke Flight


You were in an ice cave.
You worshipped Beogh.
Beogh was exalted by your worship.
You were not hungry.

You visited 4 branches of the dungeon, and saw 20 of its levels.
You also visited: Ice Cave.

You collected 1655 gold pieces.
You spent 1153 gold pieces at shops.

Inventory:

Hand Weapons
 H - a +9 trident (weapon)
 R - the +5 great mace "Xaoreg" {crush, rElec MR- Int+4}
   (You found it on level 6 of the Lair of Beasts)

   It inflicts extra damage upon your enemies.
   It affects your intelligence (+4).
   It insulates you from electricity.
   It affects your resistance to hostile enchantments.
Armour
 b - a +1 plate armour of poison resistance (worn)
 c - a +0 pair of boots (worn)
 z - a +1 pair of gloves (worn)
 G - the +5 shield "Naq Bysm" (worn) {+Fly rF+ rCorr Str-5}
   (You found it on level 5 of the Dungeon)

   It affects your strength (-5).
   It protects you from fire.
   It lets you fly.
   It protects you from acid and corrosion.
 M - a +2 helmet of see invisible (worn)
 Y - a scarf of spirit shield (worn)
Jewellery
 a - an uncursed amulet of regeneration
 f - a ring of positive energy (left hand)
 v - an uncursed amulet of rage
 I - a +1 ring of protection
 U - the ring "Sesad" (right hand) {rElec rF- rN+++ Int+2 Slay+3}
   (You found it on level 6 of the Lair of Beasts)

   [ring of intelligence]

   It affects your intelligence (+2).
   It affects your accuracy and damage with ranged weapons and melee attacks
   (+3).
   It makes you vulnerable to fire.
   It insulates you from electricity.
   It renders you almost immune to negative energy.
 X - the amulet of the Four Winds (around neck) {rN+ MR+++ Clar}
   (You bought it in a shop on level 9 of the Dungeon)

   [amulet of nothing]

   It protects you from negative energy.
   It affects your resistance to hostile enchantments.
   It protects you against confusion.
Wands
 r - a wand of random effects (29/48)
 A - a wand of flame (37/48)
 C - a wand of confusion (27/48)
 D - a wand of iceblast (9/15)
 O - a wand of disintegration (7/24)
 Q - a wand of lightning (5/15)
 S - a wand of polymorph (11/24)
 V - a wand of digging (5/24)
Scrolls
 g - 2 scrolls of fog
 i - 2 scrolls of enchant armour {unknown}
 m - a scroll of recharging {unknown}
 n - 10 scrolls of remove curse
 o - 8 scrolls of identify
 p - 5 scrolls of amnesia
 s - 8 scrolls of teleportation
 u - a scroll of torment {unknown}
 x - 2 scrolls of magic mapping
 F - a scroll of blinking
 K - 2 scrolls of fear
Potions
 d - a potion of might
 e - 3 potions of flight
 h - a potion of cancellation
 w - 4 potions of curing
 E - 2 potions of brilliance
 L - 3 potions of agility
 N - a potion of resistance
Books
 P - a book of Flames

   Spells                             Type                      Level
   a - Flame Tongue                   Conjuration/Fire             1
   b - Throw Flame                    Conjuration/Fire             2
   c - Conjure Flame                  Conjuration/Fire             3
   d - Inner Flame                    Hexes/Fire                   3
   e - Sticky Flame                   Conjuration/Fire             4
   f - Fireball                       Conjuration/Fire             5
Miscellaneous
 J - a lamp of fire
Comestibles
 k - 10 royal jellies
 l - 4 bread rations
 t - 13 fruits
 B - 13 meat rations


   Skills:
 + Level 11.4 Fighting
   Level 5.7 Long Blades
 + Level 14.0 Polearms
 + Level 12.0 Armour
 + Level 3.5 Dodging
 + Level 3.3 Stealth
 + Level 15.5 Shields
 + Level 1.6 Invocations
 + Level 0.4 Evocations


You had 13 spell levels left.
You didn't know any spells.

Dungeon Overview and Level Annotations

Branches:
Dungeon (11/15)            Temple (0/1) D:7            Lair (6/6) D:9
  Swamp (0/4) Lair:4        Snake (0/4) Lair:4        Slime (0/5) Lair:5
    Orc (2/2) D:10            Elf (1/3) Orc:2

Altars:
Ashenzari
Cheibriados
Elyvilon
Kikubaaqudgha
Makhleb
Nemelex Xobeh
Qazlal
Sif Muna
Uskayaw
The Shining One
Beogh

Shops:
D:6 (   D:9 !=   D:10 [   Orc:2 ([=([


Innate Abilities, Weirdness & Mutations

You can walk on water.
You are resistant to hostile enchantments. (MR+)
You occasionally shout uncontrollably at your foes.


Message History

The five-headed hydra simulacrum freezes you!!
The five-headed hydra simulacrum bites you but does no damage.
You block the five-headed hydra simulacrum's attack. x2
The five-headed hydra simulacrum bites you but does no damage.
You hit the five-headed hydra simulacrum.
The five-headed hydra simulacrum is almost destroyed.
You puncture the five-headed hydra simulacrum!
The five-headed hydra simulacrum vapourises!
Beogh accepts your kill.
You open the door.
A golden dragon simulacrum comes into view.
You hit the golden dragon simulacrum.
The golden dragon simulacrum is lightly damaged.
The golden dragon simulacrum bites you!
The golden dragon simulacrum freezes you!!!
* * * LOW HITPOINT WARNING * * *
The golden dragon simulacrum claws you!
* * * LOW HITPOINT WARNING * * *
The golden dragon simulacrum freezes you!!!
You die...

......#### #.#.#.#.# #
......#4.# ###'#'#'#'#
8# ......#44+
#.'.......# .
......########.8.8.8.#.#
........#............#.#
..⌠.....'............'.#
........#............#.#
......########.8.8.8.#.#
......#4 +..@....# .
......#4. #+#Z#§#'# 8#
......#### #.#.#.# #
....... ####### .....##
######


You could see a golden dragon simulacrum.

Vanquished Creatures
  A hydra (Lair:6)
  A death yak (Lair:6)
  A tengu warrior (D:10)
  2 two-headed ogres (D:8)
  A deep elf knight (Elf:1)
  Pikel (D:6)
  8 deep elf magi (Elf:1)
  2 orc sorcerers (Orc:2)
  An oklob plant (Lair:3)
  A manticore (Lair:6)
  2 ice statues (IceCv)
  4 elephants (Lair:6)
  6 black mambas
  2 torpor snails (Lair:6)
  7 spiny frogs
  2 anaconda simulacra (IceCv)
  3 rime drakes
  A troll (Orc:2)
  6 ice devils (IceCv)
  A queen bee (Lair:1)
  Prince Ribbit (D:8)
  A polar bear (Lair:6)
  11 blink frogs
  4 raiju (Lair:6)
  5 hippogriffs
  6 dream sheep
  3 dire elephant simulacra (IceCv)
  3 yaks (Lair:6)
  Grum (D:8)
  A harpy simulacrum (IceCv)
  A warg (Orc:2)
  7 water moccasins
  A hydra simulacrum (IceCv)
  6 hell hounds
  7 black bears
  A hornet zombie (D:7)
  8 orc warriors
  2 porcupines
  5 ice beasts
  A slave (D:6)
  A phantom (D:7)
  11 ogres
  9 wolves
  A centaur (D:6)
  7 crocodiles
  A big kobold (D:9)
  2 bullfrogs
  A water moccasin zombie (D:9)
  A wyvern skeleton (D:9)
  A water moccasin skeleton (D:9)
  20 killer bees
  6 wights (D:6)
  A howler monkey (D:10)
  4 electric eels
  2 crimson imps
  A bullfrog zombie (D:6)
  A quasit (D:8)
  4 hounds
  5 jellies
  7 orc priests
  3 bullfrog skeletons
  10 orc wizards
  2 centaur skeletons
  3 iguanas
  6 worker ants
  A hound skeleton (D:4)
  2 worker ant zombies
  A howler monkey zombie (D:7)
  A howler monkey skeleton (D:10)
  9 adders
  A shadow imp (D:9)
  2 oozes (D:4)
  An adder zombie (D:7)
  2 worms
  2 dart slugs
  7 leopard geckos
  31 orcs
  5 bats
  5 goblins
  6 hobgoblins
  9 jackals
  4 kobolds
  3 quokkas
  4 frilled lizards
  A leopard gecko zombie (D:7)
  7 rats
  A fungus (Lair:5)
  3 plants
346 creatures vanquished.

Vanquished Creatures (collateral kills)
  An orc warlord (Orc:2)
  A deep elf death mage (Elf:1)
  4 hydras
  A catoblepas (Lair:6)
  2 death yaks (Lair:6)
  An orc knight (Orc:2)
  A swamp dragon (Lair:4)
  An oklob plant (Lair:3)
  5 deep elf magi (Elf:1)
  A manticore (Lair:6)
  4 black mambas
  8 elephants
  A guardian serpent (Lair:4)
  2 gargoyles
  3 spiny frogs
  4 komodo dragons
  A rime drake (Lair:1)
  A troll (Orc:2)
  9 polar bears
  10 blink frogs
  A raiju (Lair:6)
  10 dream sheep
  6 hippogriffs
  19 yaks
  A wyvern (Lair:5)
  2 basilisks
  4 wargs (Lair:6)
  4 water moccasins
  8 hell hounds (Lair:6)
  3 porcupines
  5 black bears (Lair:6)
  6 orc warriors (Orc:2)
  2 ogres
  14 wolves
  6 crocodiles
  3 bullfrogs
  6 killer bees (Lair:1)
  A howler monkey (D:10)
  An electric eel (D:10)
  A hound (D:10)
  2 jellies (Lair:5)
  5 orc wizards (Orc:2)
  5 orc priests
  A hell rat (Lair:6)
  A worker ant (D:10)
  An adder (D:10)
  A leopard gecko (D:10)
  4 orcs
  A jackal (D:10)
  4 kobolds (D:9)
  A butterfly (Lair:1)
  2 fungi
  5 plants
197 creatures vanquished.

Vanquished Creatures (others)
  2 orc sorcerers
  7 orc warriors
  7 orc priests
  A scorpion (D:9)
  7 orc wizards
  An adder zombie (D:9)
  An adder skeleton (D:6)
  31 orcs
  A giant cockroach (D:6)
  2 fungi
  10 plants
70 creatures vanquished.

Grand Total: 613 creatures vanquished

Notes
Turn   | Place    | Note
-------+----------+-------------------------------------------
     0 | D:1      | Ymberti the Hill Orc Fighter began the quest for the Orb.
     0 | D:1      | Reached XP level 1. HP: 19/19 MP: 1/1
   155 | D:1      | Reached XP level 2. HP: 15/27 MP: 2/2
   161 | D:1      | Found a sparkling altar of Nemelex Xobeh.
   698 | D:2      | Reached XP level 3. HP: 20/33 MP: 3/3
   922 | D:3      | Found a faded altar of an unknown god.
  1329 | D:3      | Reached XP level 4. HP: 35/40 MP: 4/4
  1542 | D:4      | Noticed an ogre
  1554 | D:4      | Killed an ogre
  1554 | D:4      | Reached skill level 4 in Shields
  1554 | D:4      | Reached XP level 5. HP: 45/47 MP: 5/5
  1838 | D:4      | Became a worshipper of Beogh the Brigand
  1985 | D:4      | Reached skill level 1 in Dodging
  1985 | D:4      | Reached XP level 6. HP: 50/55 MP: 6/6
  2216 | D:5      | Entered Level 5 of the Dungeon
  2286 | D:5      | Found a white marble altar of Elyvilon.
  2345 | D:5      | Found a glowing golden altar of the Shining One.
  2416 | D:5      | Got a translucent shield
  2427 | D:5      | Identified the +5 shield "Naq Bysm" {+Fly rF+ rCorr Str-5} (You found it on level 5 of the Dungeon)
  2943 | D:5      | Reached skill level 5 in Fighting
  2943 | D:5      | Reached skill level 5 in Long Blades
  2943 | D:5      | Reached XP level 7. HP: 17/61 MP: 7/7
  3389 | D:5      | Reached skill level 5 in Shields
  3681 | D:6      | Reached * piety under Beogh
  3681 | D:6      | Reached skill level 5 in Armour
  3815 | D:6      | Reached XP level 8. HP: 51/68 MP: 8/8
  3827 | D:6      | Noticed Pikel
  3843 | D:6      | Killed Pikel
  3843 | D:6      | Reached skill level 6 in Shields
  3869 | D:6      | Reached skill level 7 in Shields
  3913 | D:6      | Got a transparent dagger
  3918 | D:6      | Identified the cursed +2 dagger "Hiytsel" {antimagic, MR+ Stlth+} (You found it on level 6 of the Dungeon)
  3961 | D:6      | Reached XP level 9. HP: 44/75 MP: 7/9
  4007 | D:6      | Found Res Raerr's Antique Weapon Emporium.
  4148 | D:6      | Found a stormy altar of Qazlal.
  4753 | D:7      | Reached ** piety under Beogh
  4971 | D:7      | Reached skill level 5 in Polearms
  5047 | D:7      | Reached skill level 8 in Shields
  5236 | D:7      | Found a staircase to the Ecumenical Temple.
  5526 | D:8      | Noticed Prince Ribbit
  6312 | D:8      | Noticed a two-headed ogre
  6331 | D:8      | Killed a two-headed ogre
  6331 | D:8      | Reached skill level 9 in Shields
  6331 | D:8      | Reached XP level 10. HP: 32/86 MP: 10/10
  6570 | D:8      | Gained mutation: Your spells are a little easier to cast, but a little less powerful. [potion of mutation]
  6570 | D:8      | Gained mutation: Your movements are slightly less encumbered by armour. (ER -2) [potion of mutation]
  6624 | D:8      | Found a shattered altar of Ashenzari.
  6701 | D:8      | Noticed Grum
  6709 | D:8      | Killed Grum
  6777 | D:8      | Noticed a two-headed ogre
  6788 | D:8      | Killed a two-headed ogre
  6990 | D:8      | Killed Prince Ribbit
  7171 | D:8      | Reached skill level 10 in Shields
  7340 | D:9      | Found a hide-covered altar of Uskayaw.
  7340 | D:9      | Found a deep blue altar of Sif Muna.
  7465 | D:9      | Found an ancient bone altar of Kikubaaqudgha.
  7469 | D:9      | Found a snail-covered altar of Cheibriados.
  7509 | D:9      | Found Liel's Jewellery Emporium.
  7527 | D:9      | Found a staircase to the Lair.
  7532 | D:9      | Found Vaoplywk's Distillery.
  7536 | D:9      | Bought a potion of mutation for 88 gold pieces
  7536 | D:9      | Lost mutation: Your spells are a little easier to cast, but a little less powerful. [potion of mutation]
  7536 | D:9      | Lost mutation: Your movements are slightly less encumbered by armour. (ER -2) [potion of mutation]
  7536 | D:9      | Gained mutation: You have a pair of small antennae on your head. [potion of mutation]
  7536 | D:9      | Gained mutation: Scrolls take you a little longer to read. [potion of mutation]
  7536 | D:9      | Gained mutation: You are partially covered in slimy green scales. (AC +2) [potion of mutation]
  7549 | D:9      | Found a sparkling altar of Nemelex Xobeh.
  7549 | D:9      | Found a burning altar of Makhleb.
  7590 | D:9      | Reached *** piety under Beogh
  7930 | D:9      | Reached XP level 11. HP: 53/94 MP: 11/11
  8222 | D:10     | Entered Level 10 of the Dungeon
  8435 | D:10     | Found Ogotum's Armour Boutique.
  8469 | D:10     | Noticed a tengu warrior
  8475 | D:10     | Killed a tengu warrior
  8812 | D:10     | Found a staircase to the Orcish Mines.
  9563 | D:11     | Noticed a death knight
  9920 | Lair:1   | Entered Level 1 of the Lair of Beasts
  9982 | D:9      | Reached **** piety under Beogh
 10295 | Lair:1   | Reached skill level 11 in Shields
 10331 | Lair:1   | Reached skill level 10 in Polearms
 10401 | Lair:1   | Gained Jorge as an ally
 11528 | Lair:1   | Lost mutation: You have a pair of small antennae on your head. [potion of mutation]
 11528 | Lair:1   | Lost mutation: Scrolls take you a little longer to read. [potion of mutation]
 11528 | Lair:1   | Gained mutation: You have sharp toenails. [potion of mutation]
 11528 | Lair:1   | Gained mutation: Your flesh is cold resistant. (rC+) [potion of mutation]
 11528 | Lair:1   | Gained mutation: You have supernaturally acute eyesight. (SInv) [potion of mutation]
 11529 | Lair:1   | Lost mutation: You have supernaturally acute eyesight. (SInv) [potion of mutation]
 11529 | Lair:1   | Lost mutation: You have sharp toenails. [potion of mutation]
 11529 | Lair:1   | Lost mutation: Your flesh is cold resistant. (rC+) [potion of mutation]
 11529 | Lair:1   | Lost mutation: You are partially covered in slimy green scales. (AC +2) [potion of mutation]
 11529 | Lair:1   | Gained mutation: You occasionally shout uncontrollably at your foes. [potion of mutation]
 11529 | Lair:1   | Gained mutation: You are resistant to hostile enchantments. (MR+) [potion of mutation]
 11729 | Lair:2   | Reached skill level 12 in Shields
 11729 | Lair:2   | Reached XP level 12. HP: 103/103 MP: 10/12
 11730 | Lair:2   | Reached skill level 1 in Stealth
 11967 | Lair:2   | Reached ***** piety under Beogh
 12046 | Lair:2   | Reached skill level 1 in Invocations
 13076 | Lair:3   | Reached skill level 10 in Armour
 13576 | Lair:4   | Your ally Jorge died
 14079 | Lair:4   | Found a staircase to the Swamp.
 14093 | Lair:4   | Reached skill level 13 in Shields
 14113 | Lair:4   | Found a staircase to the Snake Pit.
 14574 | Lair:5   | Noticed an eight-headed hydra
 14579 | Lair:5   | Killed a nine-headed hydra
 14664 | Lair:5   | Found a staircase to the Slime Pits.
 14735 | Lair:5   | Reached XP level 13. HP: 72/111 MP: 14/14
 15357 | Lair:6   | Entered Level 6 of the Lair of Beasts
 15390 | Lair:6   | Got a slimy great mace
 15397 | Lair:6   | Identified the +5 great mace "Xaoreg" {crush, rElec MR- Int+4} (You found it on level 6 of the Lair of Beasts)
 15771 | Lair:6   | Reached skill level 10 in Fighting
 16000 | Lair:6   | Reached ****** piety under Beogh
 16038 | Lair:6   | Gained Norbak as an ally
 16071 | Lair:6   | Reached skill level 14 in Shields
 16211 | Lair:6   | Got a shimmering bone ring
 16212 | Lair:6   | Identified the ring "Sesad" {rElec rF- rN+++ Int+2 Slay+3} (You found it on level 6 of the Lair of Beasts)
 16813 | Lair:6   | Reached XP level 14. HP: 41/122 MP: 15/15
 17219 | Lair:6   | Reached skill level 15 in Shields
 18000 | D:9      | Bought the amulet of the Four Winds {rN+ MR+++ Clar} for 570 gold pieces
 18043 | Orc:1    | Entered Level 1 of the Orcish Mines
 18066 | Orc:1    | Found a roughly hewn altar of Beogh.
 18164 | Orc:2    | Entered Level 2 of the Orcish Mines
 18168 | Orc:2    | Found a staircase to the Elven Halls.
 18292 | Orc:2    | Found a roughly hewn altar of Beogh.
 18306 | Orc:2    | Found Teduaxio's Jewellery Shoppe.
 18359 | Orc:2    | Found Qaba's Antique Armour Shop.
 18367 | Orc:2    | Bought a brightly glowing chain mail for 247 gold pieces
 18389 | Orc:2    | Identified the +2 chain mail of Tegedib {rN+ MR++ Int-4 Stlth+} (You bought it in a shop on level 2 of the Orcish Mines)
 18435 | Orc:2    | Noticed an orc warlord
 18441 | Orc:2    | Gained Herok as an ally
 18453 | Orc:2    | Your ally Herok died
 18457 | Orc:2    | Killed an orc warlord
 18457 | Orc:2    | Gained Herok as an ally
 18640 | Orc:2    | Found Pextyum's Antique Armour Shop.
 18641 | Orc:2    | Found a roughly hewn altar of Beogh.
 18644 | Orc:2    | Found Quutu's Antique Weapon Boutique.
 18662 | Orc:2    | Bought an embroidered scarf for 248 gold pieces
 18787 | Orc:2    | Found a deep blue altar of Sif Muna.
 18798 | Orc:2    | Identified Sif Muna's Catalogue of Combat Magic
 18885 | Orc:2    | Found a roughly hewn altar of Beogh.
 18915 | Orc:2    | Found a roughly hewn altar of Beogh.
 19008 | Orc:2    | Found a roughly hewn altar of Beogh.
 19013 | Orc:2    | Found Diphes's Antique Weapon Shoppe.
 19257 | Elf:1    | Entered Level 1 of the Elven Halls
 19444 | Elf:1    | Found a frozen archway.
 19453 | IceCv    | Entered an ice cave
 20132 | IceCv    | Annihilated by a golden dragon simulacrum

Skill      XL: |  1  2  3  4  5  6  7  8  9 10 11 12 13 14 |
---------------+-------------------------------------------+-----
Long Blades    | 3 4 5 |  5.7
Fighting       | 4 5 6 7 8 9 10 11 | 11.4
Armour         | 4 5 6 7 8 9 10 11 12 | 12.0
Shields        | 4 5 7 9 10 12 13 14 15 | 15.5
Dodging        | 1 2 3 |  3.5
Polearms       | 3 7 8 10 11 13 14 | 14.0
Stealth        | 2 3 |  3.3
Invocations    | 1 |  1.6
Evocations     | |  0.4

Action                   |  1- 3 |  4- 6 |  7- 9 | 10-12 | 13-15 || total
-------------------------+-------+-------+-------+-------+-------++-------
Melee: Long sword        |   134 |   145 |   101 |       |       ||   380
       Trident           |       |       |   399 |   802 |   668 ||  1869
Invok: Convert to Beogh  |       |     1 |       |       |       ||     1
       Smiting           |       |       |       |     1 |       ||     1
       Recall Orcish Fol |       |       |       |     3 |     1 ||     4
 Abil: Evoke Berserk Rag |       |       |       |     1 |       ||     1
Evoke: Lamp of fire      |       |       |       |     1 |       ||     1
  Use: Potion            |       |     1 |     1 |     8 |     9 ||    19
       Scroll            |       |       |     5 |    24 |     2 ||    31
 Stab: Distracted        |       |       |       |     5 |     6 ||    11
       Paralysed         |       |       |       |     2 |       ||     2
  Eat: Bread ration      |     1 |     1 |     2 |     3 |       ||     7
       Royal jelly       |       |     1 |     1 |     2 |     5 ||     9
       Fruit             |       |       |       |     9 |     2 ||    11
       Meat ration       |       |       |       |     1 |     1 ||     2
Armor: Scale mail        |    80 |    74 |    78 |       |       ||   232
       Plate armour      |       |       |   101 |   347 |   294 ||   742
       Chain mail        |       |       |       |       |     3 ||     3
Dodge: Dodged            |    44 |    34 |    87 |   101 |   152 ||   418
Block: Shield            |    75 |    90 |   356 |   619 |   545 ||  1685
       Rpst.: Long sword |    14 |     7 |     2 |       |       ||    23
